 Dungeon Crawl Stone Soup version 0.29.0-11-gd7f09526c8 (webtiles) character file.

Game seed: 6578180956148490083

1713 themarg the Conjurer (level 8, -11/57 HPs)
             Began as a Purple Draconian Conjurer on Sept 2, 2022.
             Was an Initiate of Vehumet.
             Mangled by a two-headed ogre
             ... wielding a +0 giant club
              (14 damage)
             ... on level 6 of the Dungeon.
             The game lasted 00:23:25 (6560 turns).

themarg the Conjurer (Purple Draconian Conjurer)    Turns: 6560, Time: 00:23:26

Health: -11/57     AC:  8    Str:  9    XL:     8   Next: 74%
Magic:  18/25      EV: 13    Int: 20    God:    Vehumet [......]
Gold:   356        SH:  0    Dex: 11    Spells: 11/18 levels left

rFire   . . .      SeeInvis .   t - +2 dagger (speed)
rCold   . . .      Faith    .   (no shield)
rNeg    . . .      Spirit   .   (body armour unavailable)
rPois   .          Reflect  .   (helmet restricted)
rElec   .          Harm     .   v - +0 cloak
rCorr   .          Rampage  .   (no gloves)
Will    ++...                   r - +0 pair of boots {Stlth+}
Stlth   ++++......              s - amulet of regeneration
HPRegen 0.99/turn               i - ring of willpower
MPRegen 0.19/turn               l - ring of magical power

@: no status effects
A: breathe power, AC +6, unfitting armour, cold-blooded
a: Breathe Dispelling Energy, Renounce Religion


You were on level 6 of the Dungeon.
You worshipped Vehumet.
Vehumet was noncommittal.
You visited 2 branches of the dungeon, and saw 7 of its levels.

You collected 356 gold pieces.

Inventory:

Hand Weapons
 t - a +2 dagger of speed (weapon)
 C - a +2 short sword of venom
 F - a +4 dagger
Missiles
 k - 3 atropa-tipped darts
 n - 5 curare-tipped darts
 o - 6 poisoned darts
Armour
 r - a +0 pair of boots of stealth (worn)
 v - a +0 cloak (worn)
Jewellery
 f - a ring of protection from cold
 i - a ring of willpower (left hand)
 l - a ring of magical power (right hand)
 s - an amulet of regeneration (around neck)
 u - a ring of protection from fire
 H - a ring of poison resistance
Wands
 D - a wand of paralysis (14)
Scrolls
 b - 6 scrolls of identify
 c - 2 scrolls of enchant armour {unknown}
 e - 2 scrolls of noise {unknown}
 h - 2 scrolls of enchant weapon {unknown}
 m - 2 scrolls of fear {unknown}
 p - a scroll of butterflies {unknown}
 x - a scroll of blinking {unknown}
 y - a scroll of amnesia {unknown}
 A - 3 scrolls of teleportation
 E - a scroll of magic mapping {unknown}
 G - 2 scrolls of immolation {unknown}
Potions
 a - a potion of magic
 d - a potion of mutation {unknown}
 g - a potion of might {unknown}
 j - 3 potions of curing {unknown}
 q - 2 potions of invisibility {unknown}
 w - a potion of experience {unknown}
 z - 3 potions of lignification {unknown}
 B - a potion of degeneration {unknown}


   Skills:
 + Level 4.3 Dodging
 + Level 4.8 Stealth
 + Level 5.7 Spellcasting
 * Level 7.7 Conjurations
 + Level 3.8 Hexes
 - Level 2.0 Translocations


You had 11 spell levels left.
You knew the following spells:

 Your Spells              Type           Power      Damage    Failure   Level
a - Magic Dart            Conj           100%       1d8       1%          1
b - Searing Ray           Conj           72%        2d7       1%          2
c - Fulminant Prism       Conj/Hex       14%        3d9       10%         4

Your spell library contained the following spells:

 Spells                   Type           Power      Damage    Failure   Level
 Dazzling Flash           Conj/Hex       56%        N/A       3%          3
 Apportation              Tloc           26%        N/A       4%          1
 Necrotise                Necr           20%        1d5       11%         1
 Sting                    Tmut/Pois      20%        1d4       11%         1
 Summon Small Mammal      Summ           20%        N/A       11%         1
 Iskenderun's Mystic Bla  Conj/Tloc      25%        2d7       14%         4
 Poisonous Vapours        Pois/Air       10%        N/A       16%         2
 Hailstorm                Conj/Ice       21%        3d6       22%         4
 Fireball                 Conj/Fire      10%        3d6       52%         5
 Ice Form                 Ice/Tmut       5%         N/A       71%         4
 Olgreb's Toxic Radiance  Pois           5%         N/A       71%         4
 Starburst                Conj/Fire      10%        6d5       98%         6
 Simulacrum               Ice/Necr       2%         N/A       100%        6
 Ignition                 Fire           2%         3d3       100%        8


Dungeon Overview and Level Annotations

Branches:
Dungeon (6/15)             Temple (1/1) D:5

Altars:
Ashenzari
Cheibriados
Dithmenos
Nemelex Xobeh
Ru
Sif Muna
Trog
Uskayaw
Vehumet
Zin
The Shining One

Shops:
D:3 [   D:6 :

Annotations:
D:6 exclusions: gargoyle and two-headed ogre


Innate Abilities, Weirdness & Mutations

You can breathe bolts of dispelling energy.
Your rich purple scales are hard. (AC +6)
You cannot fit into any form of body armour.
You are cold-blooded and may be slowed by cold attacks.


Message History

A stone appears from out of your range of vision.
The stone hits your fulminant prism but does no damage.
Casting: Fulminant Prism (dangerous; 10% risk of failure)
Confirm with . or Enter, or press ? or * to list all spells.
Aiming: Searing Ray (safe; 1% risk of failure)
Press: ? - help, Shift-Dir - straight line, f - fulminant prism
Aim: a fulminant prism (friendly, 100% to hit)
Really fire at your fulminant prism? [Y]es or [N]o only, please.
Really fire at your fulminant prism?
Okay, then.
Your fulminant prism crackles loudly.
The two-headed ogre attacks as you move away!
The two-headed ogre completely misses you.
The two-headed ogre hits you with a +0 giant club!
A stone appears from out of your range of vision.
The stone hits your fulminant prism.
Your fulminant prism explodes!
You hear a shout!
Casting: Searing Ray (safe; 1% risk of failure)
Confirm with . or Enter, or press ? or * to list all spells.
Aiming: Searing Ray (safe; 1% risk of failure)
Press: ? - help, Shift-Dir - straight line, f - two-headed ogre
Aim: a two-headed ogre, wielding two +0 giant clubs (91% to hit)
The searing ray misses the two-headed ogre. (Press . to maintain the ray.)
The two-headed ogre barely misses you. The two-headed ogre misses you.
The searing ray hits the two-headed ogre!
The two-headed ogre is lightly wounded.
The searing ray misses the two-headed ogre.
The two-headed ogre hits you with a +0 giant club!!
Ouch! That really hurt!
* * * LOW HITPOINT WARNING * * *
The two-headed ogre hits you with a +0 giant club!
* * * LOW HITPOINT WARNING * * *
As you read the scroll labelled RUCERE MUTIU, it crumbles to dust.
It is a scroll of identify.
A - 3 scrolls of teleportation The two-headed ogre hits you with a +0 giant club!
You die...

.........###
...........#
..########.#
#.# #.# #.# #
#.#
#####.###.###
....o...O@..#
#.....###..##
#..#. #..# .
# #..# #..#
.## ...# ..##
...# ...##
.#### .....


You could see a two-headed ogre and an orc warrior.

Vanquished Creatures
  Menkaure (D:6)
  A sky beast (D:6)
  3 black bears (D:6)
  3 ice beasts
  2 ogres
  A centaur (D:5)
  2 necrophages (D:5)
  2 scorpions
  An electric eel (D:6)
  5 hounds
  An orc priest (D:5)
  An iguana (D:5)
  An orc wizard (D:5)
  3 gnolls (D:3)
  7 adders
  A shadow imp (D:6)
  3 white imps
  3 worms
  2 dart slugs
  13 orcs
  3 ball pythons
  3 endoplasms
  2 giant cockroaches
  3 goblins
  8 hobgoblins
  5 jackals (D:1)
  8 kobolds
  2 quokkas
  4 bats (D:1)
  2 frilled lizards
  4 rats
100 creatures vanquished.

Vanquished Creatures (others)
  An orc wizard (D:5)
  4 fulminant prisms (D:6)
5 creatures vanquished.

Grand Total: 105 creatures vanquished

Notes
Turn   | Place    | Note
-------+----------+-------------------------------------------
     0 | D:1      | themarg the Draconian Conjurer began the quest for the Orb.
     0 | D:1      | Reached XP level 1. HP: 14/14 MP: 3/3
   217 | D:1      | Reached XP level 2. HP: 18/20 MP: 0/5
   593 | D:1      | Learned a level 2 spell: Searing Ray
  1122 | D:2      | Reached XP level 3. HP: 26/26 MP: 3/6
  2301 | D:3      | Found a snail-covered altar of Cheibriados.
  2348 | D:3      | Identified the +1 leather armour of Dawn {Will+ Str+3}
  2477 | D:3      | Reached XP level 4. HP: 33/33 MP: 7/7
  2623 | D:3      | Found Toocwowil's Armour Boutique.
  3123 | D:4      | Identified the +0 robe "Uthrare" {MP+9}
  3240 | D:4      | Found a shadowy altar of Dithmenos.
  3712 | D:4      | Reached skill level 5 in Conjurations
  3978 | D:5      | Entered Level 5 of the Dungeon
  3993 | D:5      | Reached XP level 5. HP: 29/38 MP: 9/9
  4217 | D:5      | Noticed an ogre
  4255 | D:5      | Reached skill level 1 in Translocations
  4264 | D:5      | Reached skill level 1 in Hexes
  4379 | D:5      | Reached XP level 6. HP: 45/45 MP: 10/10
  4577 | D:5      | Found a glowing silver altar of Zin.
  4579 | D:5      | Noticed an ice beast
  4587 | D:5      | Killed an ice beast
  4717 | D:5      | Found a staircase to the Ecumenical Temple.
  4734 | Temple   | Entered the Ecumenical Temple
  4742 | Temple   | Became a worshipper of Vehumet
  4778 | D:5      | Your scales start taking on a rich purple colour.
  4778 | D:5      | Reached XP level 7. HP: 50/50 MP: 13/13
  4822 | D:5      | Reached skill level 6 in Conjurations
  4940 | D:5      | Found a bloodstained altar of Trog.
  5523 | D:6      | Reached XP level 8. HP: 57/57 MP: 15/15
  5620 | D:6      | Reached skill level 5 in Spellcasting
  5620 | D:6      | Reached skill level 7 in Conjurations
  5669 | D:6      | Learned a level 4 spell: Fulminant Prism
  6008 | D:6      | Noticed a two-headed ogre
  6080 | D:6      | Noticed a gargoyle
  6142 | D:6      | Found Seaxiecw's Book Boutique.
  6285 | D:6      | Noticed Menkaure
  6292 | D:6      | Killed Menkaure
  6553 | D:6      | Noticed a two-headed ogre
  6559 | D:6      | HP: 2/57 [two-headed ogre/+0 giant club (13)]
  6560 | D:6      | Mangled by a two-headed ogre

Illustrated notes

Levels and vault maps discovered:
D:1:      scummos_arrival_simple_fountains, layout_basic
D:2:      layout_basic, minmay_pentomino_z4
D:3:      layout_basic, mainiacjoe_overflow_24_doors, serial_rivers,
          chequers_serial_rivers_large_b, chequers_serial_rivers_micro_e,
          chequers_serial_rivers_room_a, chequers_serial_rivers_micro_c,
          serial_shops, shop, corexii_item_surrounded_by_moat
D:4:      layout_basic, nicolae_dithmenos_through_a_glass_darkly
D:5:      layout_loops_ring, minmay_temple_entry_offerings,
          hangedman_feature_mirror, minmay_misc_feat_pillars
D:6:      layout_basic, nicolae_wooded_promenade, minmay_misc_feat_iff,
          kb_rosetta, uniq_menkaure
Temple:   nicolae_temple_two_arcs

Skill      XL: |  1  2  3  4  5  6  7  8 |
---------------+-------------------------+-----
Stealth        | 2 3 4 |  4.8
Dodging        | 2 3 4 |  4.3
Conjurations   | 5 6 7 |  7.7
Spellcasting   | 3 4 5 |  5.7
Translocations | 1 2 |  2.0
Hexes          | 1 2 3 |  3.8

Action                   |  1- 3 |  4- 6 |  7- 9 || total
-------------------------+-------+-------+-------++-------
Melee: Unarmed           |    13 |       |       ||    13
       Tailslap          |     2 |     6 |       ||     8
       Sling             |     8 |       |       ||     8
       Dagger            |     5 |    44 |       ||    49
 Fire: Sling             |    19 |       |       ||    19
 Cast: Magic Dart        |    42 |     8 |     7 ||    57
       Searing Ray       |    13 |    29 |    31 ||    73
       Fulminant Prism   |       |       |     4 ||     4
  Use: Scroll            |       |       |     1 ||     1
 Stab: Sleeping          |     2 |     2 |       ||     4
Armor: Skin              |    18 |    27 |     8 ||    53
Dodge: Dodged            |    32 |    23 |    16 ||    71
